 Dungeon Crawl Stone Soup version 0.30-a0-986-g7f2e898f52 (webtiles) character file.

Game seed: 6700862629940370170

77581 Malachi the Summoner (level 15, -6/105 HPs)
             Began as a Gnoll Hexslinger on Apr 2, 2023.
             Was the Champion of Hepliaklqana.
             Shot with an arrow by a centaur warrior (15 damage)
             ... on level 14 of the Dungeon.
             The game lasted 00:52:14 (23799 turns).

Malachi the Summoner (Gnoll Hexslinger)            Turns: 23799, Time: 00:52:14

Health: -6/105     AC: 12    Str:  7    XL:     15   Next: 57%
Magic:  19/29      EV: 26    Int: 25    God:    Hepliaklqana [******]
Gold:   957        SH:  0    Dex: 14    Spells: 16/35 levels left

rFire   + . .      SeeInvis .    b - +9 arbalest (heavy)
rCold   + . .      Faith    .    (shield currently unavailable)
rNeg    + . .      Spirit   .    i - +0 troll leather armour
rPois   .          Reflect  .    Z - +1 helmet
rElec   +          Rampage  .    l - scarf {rC+ rF+}
rCorr   .          Clarity  +    W - +0 pair of gloves
Will    +++++                    v - +1 pair of boots of Weightlessness {Str+3 Int+2}
Stlth   ++++                     n - amulet of the Four Winds {rN+ Will+++ Clar}
HPRegen 1.17/turn                R - +5 ring of evasion
MPRegen 0.21/turn                y - ring of Due Proportion {rElec Will+ EV+5 Str-5 Int+4}

@: portalling projectiles, studying Summonings
A: reduced essence, fangs 1, strong nose, distributed training, MP-powered wands
a: Renounce Religion, Recall Ancestor, Ancestor Identity, Transference, Idealise


You were on level 14 of the Dungeon.
You worshipped Hepliaklqana.
Hepliaklqana was exalted by your worship.
You visited 5 branches of the dungeon, and saw 23 of its levels.
You also visited: Bailey.

You collected 2429 gold pieces.
You spent 1472 gold pieces at shops.

Inventory:

Hand Weapons
 b - a +9 heavy arbalest (weapon)
 u - a +4 vampiric spear
Missiles
 D - 6 boomerangs of dispersal
 G - 40 poisoned darts
 L - 11 curare-tipped darts
 O - 4 throwing nets
Armour
 i - a +0 troll leather armour (worn)
 l - a scarf of resistance (worn)
 v - the +1 pair of boots of Weightlessness (worn) {Str+3 Int+2}
   (You acquired it in a bailey)

   Str:       It affects your strength (+3).
   Int:       It affects your intelligence (+2).
 P - the +0 cloak of Foolhardiness {Harm Drain rPois rF++}
   (You bought it in a shop on level 2 of the Orcish Mines)

   rF:        It greatly protects you from fire.
   rPois:     It protects you from poison.
   Drain:     It drains your maximum health when unequipped.
   Harm:      It increases damage dealt and taken.
 W - a +0 pair of gloves (worn)
 Z - a +1 helmet (worn)
Jewellery
 n - the amulet of the Four Winds (around neck) {rN+ Will+++ Clar}
   (You found it on level 5 of the Lair of Beasts)

   [amulet of nothing]

   rN:        It protects you from negative energy.
   Clar:      It protects you against confusion.
   Will:      It greatly increases your willpower.
 p - a ring of protection from cold
 q - a +6 ring of strength
 y - the ring of Due Proportion (right hand) {rElec Will+ EV+5 Str-5 Int+4}
   (You acquired it in a bailey)

   [ring of evasion]

   EV:        It affects your evasion (+5).
   Str:       It affects your strength (-5).
   Int:       It affects your intelligence (+4).
   rElec:     It insulates you from electricity.
   Will:      It increases your willpower.
 E - a +6 ring of intelligence
 K - a ring of see invisible
 R - a +5 ring of evasion (left hand)
 T - a ring of poison resistance
 X - a ring of positive energy
Wands
 c - a wand of flame (52)
 s - a wand of polymorph (8)
 x - a wand of mindburst (17)
 C - a wand of acid (1)
 N - a wand of charming (7)
 Q - a wand of digging (9)
 Y - a wand of roots (7)
Scrolls
 g - 8 scrolls of teleportation
 j - 4 scrolls of enchant armour
 m - a scroll of butterflies
 t - 2 scrolls of magic mapping
 F - a scroll of blinking
 I - 4 scrolls of identify
 J - 5 scrolls of amnesia
 M - a scroll of silence
Potions
 d - 5 potions of mutation
 e - 5 potions of curing
 f - 5 potions of brilliance
 h - 5 potions of flight
 k - 5 potions of resistance
 o - 4 potions of attraction
 w - 2 potions of might
 z - 8 potions of heal wounds
 A - 2 potions of haste
 B - 2 potions of ambrosia
 H - a potion of lignification
 S - 2 potions of invisibility
 U - a potion of cancellation
 V - a potion of berserk rage
Miscellaneous
 a - a phantom mirror


   Skills:
 + Level 10.6 Fighting
 + Level 10.3 Short Blades
 + Level 10.3 Long Blades
 + Level 10.3 Axes
 + Level 10.3 Maces & Flails
 + Level 10.3 Polearms
 + Level 10.3 Staves
 + Level 11.2 Ranged Weapons
 + Level 10.3 Throwing
 + Level 10.3 Armour
 + Level 11.2 Dodging
 + Level 10.3 Stealth
 + Level 10.3 Shields
 + Level 10.3 Unarmed Combat
 + Level 10.7 Spellcasting
 + Level 8.6 Conjurations
 + Level 10.2 Hexes
 + Level 12.0 Summonings
 + Level 8.6 Necromancy
 + Level 8.6 Translocations
 + Level 8.6 Transmutations
 + Level 8.6 Fire Magic
 + Level 8.6 Ice Magic
 + Level 8.6 Air Magic
 + Level 8.6 Earth Magic
 + Level 8.6 Poison Magic
 + Level 11.2 Invocations
 + Level 10.3 Evocations


You had 16 spell levels left.
You knew the following spells:

 Your Spells              Type           Power      Damage    Failure   Level
a - Slow                  Hex            100%       N/A       1%          1
b - Inner Flame           Hex/Fire       57%        N/A       1%          3
c - Portal Projectile     Hex/Tloc       100%       N/A       1%          3
d - Kindle Blastsparks    Fire/Tloc/Air  100%       2d18      1%          3
e - Swiftness             Air            54%        N/A       1%          3
f - Statue Form           Tmut/Erth      36%        N/A       26%         6

Your spell library contained the following spells:

 Spells                   Type           Power      Damage    Failure   Level
 Sandblast                Erth           100%       2d20      1%          1
 Ensorcelled Hibernation  Hex/Ice        100%       N/A       1%          2
 Momentum Strike          Conj/Tloc      100%       3d10      1%          2
 Passwall                 Tmut/Erth      45%        N/A       1%          2
 Stone Arrow              Conj/Erth      100%       3d13      1%          3
 Animate Armour           Summ/Erth      100%       N/A       1%          4
 Cause Fear               Hex            29%        N/A       1%          4
 Fulminant Prism          Conj/Hex       28%        3d13      1%          4
 Iskenderun's Mystic Bla  Conj/Tloc      54%        2d12      1%          4
 Petrify                  Tmut/Erth      54%        N/A       1%          4
 Summon Lightning Spire   Summ/Air       60%        N/A       1%          4
 Metabolic Englaciation   Hex/Ice        28%        N/A       3%          5
 Blade Hands              Tmut           27%        N/A       4%          5
 Lee's Rapid Deconstruct  Erth           27%        3d14*     4%          5
 Iron Shot                Conj/Erth      27%        9d6       26%         6
 Malign Gateway           Summ/Tloc      30%        N/A       58%         7
 Summon Horrible Things   Summ           32%        N/A       96%         8
 Chain Lightning          Conj/Air       27%        3d36      100%        9


Dungeon Overview and Level Annotations

Branches:
Dungeon (14/15)            Temple (1/1) D:5            Lair (5/5) D:10
  Swamp (0/4) Lair:2       Spider (0/4) Lair:3        Slime (1/5) Lair:4
    Orc (2/2) D:10            Elf (0/3) Orc:2        Bailey (visited)
 Vaults: D:13-14

Altars:
Ashenzari
Cheibriados
Dithmenos
Elyvilon
Fedhas
Gozag
Hepliaklqana
Kikubaaqudgha
Makhleb
Nemelex Xobeh
Okawaru
Qazlal
Ru
Sif Muna
Trog
Uskayaw
Vehumet
Wu Jian
Xom
Yredelemnul
Zin
The Shining One
Jiyva

Shops:
D:5 *   D:6 :*   D:11 :   D:12 *   Orc:1 [   Orc:2 !(![(

Annotations:
D:9 exclusion: tengu warrior


Innate Abilities, Weirdness & Mutations

Your life essence is reduced to manifest your ancestor. (-10% HP)
You have very sharp teeth.
Your uncanny sense of smell can sniff out nearby items.
Your experience applies equally to all skills.
You expend magic power (3 MP) to strengthen your wands.


Message History

You magically shoot a bolt.
The bolt hits the large slime creature!!!
You kill the large slime creature!
The centaur warrior wields a +0 longbow.
The centaur warrior shoots an arrow.
The arrow hits you.
The skeletal warrior hits you with a +0 long sword!
Fire: b) +9 arbalest (heavy)
Press: ? - help, Q - select action, (/) - cycle Shift-Dir - straight line, f - skeletal warrior
Aim: a skeletal warrior, wielding a +0 long sword (ally target, 80% to hit)
You magically shoot a bolt.
The bolt hits the skeletal warrior!
The skeletal warrior is lightly damaged.
The skeletal warrior hits you with a +0 long sword!
The skeletal warrior completely misses you.
Fire: b) +9 arbalest (heavy)
Press: ? - help, Q - select action, (/) - cycle Shift-Dir - straight line, f/p - skeletal warrior
Aim: a skeletal warrior, wielding a +0 long sword (lightly damaged, ally target, 80% to hit)
You magically shoot a bolt.
The bolt hits the skeletal warrior.
The skeletal warrior is moderately damaged.
The skeletal warrior barely misses you.
The skeletal warrior closely misses you.
Fire: b) +9 arbalest (heavy)
Press: ? - help, Q - select action, (/) - cycle Shift-Dir - straight line, f/p - skeletal warrior
Aim: a skeletal warrior, wielding a +0 long sword (moderately damaged, ally target, 80% to hit)
You magically shoot a bolt.
The bolt hits the skeletal warrior!!!
The skeletal warrior is almost destroyed.
The skeletal warrior hits you with a +0 long sword! x2
Fire: b) +9 arbalest (heavy)
Press: ? - help, Q - select action, (/) - cycle Shift-Dir - straight line, f/p - skeletal warrior
Aim: a skeletal warrior, wielding a +0 long sword (almost destroyed, ally target, 80% to hit)
You magically shoot a bolt.
The bolt hits the skeletal warrior!!!
You destroy the skeletal warrior!
The centaur warrior shoots an arrow.
The arrow hits you!
* * * LOW HITPOINT WARNING * * *
The centaur warrior shoots an arrow.
The arrow hits you!
* * * LOW HITPOINT WARNING * * *
The centaur warrior shoots an arrow.
The arrow misses you.
The arrow barely misses Eadwine.
Unknown command.
The centaur warrior shoots an arrow.
The arrow hits you!
You die...

#.. #. # ###.. #..# #####
#...8###### ###'### #....
#.........# #.....# #....
#.....!...# #.###.######....
#...?.....####...#.'....'....
#.........##.'.###.######....
#.........##.#R#...# #....
#.#J........##@#.#R### #....
#......<...c).R#.....# #....
###.........######'### #....
########.## #.# ####' ...#
#.# #. '#### #.# ## . #.# #.#
#.#


You could see the friendly Eadwine the knight and a centaur warrior (ally
target).

Vanquished Creatures
  Saint Roka (Orc:2)
  Rupert (D:12)
  4 hydras
  A boulder beetle (D:14)
  4 two-headed ogres
  Sonja (Lair:4)
  2 skysharks (Lair:5)
  A skeletal warrior (D:14)
  A deep elf pyromancer (D:13)
  An ugly thing (D:11)
  4 cyclopes
  3 manticores
  2 orc sorcerers (Orc:2)
  10 elephants
  A gargoyle (D:12)
  4 black mambas
  8 cane toads
  2 kobold demonologists (D:11)
  8 komodo dragons
  A rime drake (Lair:5)
  An unseen horror (D:10)
  A polar bear (Lair:2)
  3 trolls
  A hornet (Lair:5)
  15 blink frogs
  6 dream sheep (Lair:3)
  2 snapping turtles (Lair:5)
  7 slime creatures
  Sigmund (D:4)
  A spriggan (D:10)
  5 basilisks
  14 yaks
  3 wraiths
  4 wyverns
  Eustachio (D:6)
  2 steam dragons
  A redback (Lair:3)
  2 acid dragons
  A warg (Orc:2)
  12 water moccasins
  26 orc warriors
  2 sky beasts
  2 black bears
  An ogre (Orc:2)
  7 wolves
  6 centaurs (D:13)
  2 phantoms (D:7)
  6 kobold brigands
  7 bullfrogs
  2 gnoll sergeants
  3 scorpions
  9 wights
  A killer bee (D:9)
  A howler monkey (D:10)
  5 electric eels (Lair:2)
  4 jellies (Lair:4)
  14 orc priests
  A gnoll bouda (D:5)
  4 hounds
  3 sleepcaps
  Natasha (thrice) (D:4)
  2 iguanas
  14 orc wizards
  13 adders
  15 gnolls
  3 white imps
  2 ufetubi
  3 worms
  2 dart slugs
  58 orcs
  6 endoplasms
  3 giant cockroaches
  25 goblins
  11 hobgoblins
  6 jackals
  17 kobolds
  3 quokkas
  10 ball pythons
  7 bats
  8 frilled lizards
  5 rats
465 creatures vanquished.

Vanquished Creatures (collateral kills)
  Harold (Orc:1)
  2 hydras (Lair:5)
  3 two-headed ogres
  A merfolk avatar (Lair:5)
  A harpy (Lair:5)
  3 elephants
  3 cane toads
  3 rime drakes
  2 komodo dragons
  3 trolls
  A wind drake (Lair:5)
  4 polar bears
  4 blink frogs
  3 dream sheep (Lair:3)
  2 slime creatures (D:13)
  A vampire (D:10)
  6 yaks
  A warg (D:10)
  A redback (Lair:3)
  2 water moccasins
  12 orc warriors
  A sky beast (D:7)
  A black bear (D:7)
  2 wolves
  A centaur (D:8)
  2 kobold brigands
  2 wights (D:9)
  2 jellies (Lair:4)
  A gnoll bouda (Lair:3)
  3 orc priests (Orc:2)
  10 orc wizards
  A sleepcap (D:8)
  3 gnolls
  An ufetubus (D:7)
  35 orcs
  6 goblins
  6 hobgoblins (Bailey)
  4 kobolds (D:7)
140 creatures vanquished.

Vanquished Creatures (others)
  An orc knight (Bailey)
  An ugly thing (D:11)
  A human (D:14)
  14 knights
  A kobold (D:9)
  17 fungi
  30 plants
  4 toadstools (D:1)
69 creatures vanquished.

Grand Total: 674 creatures vanquished

Notes
Turn   | Place    | Note
-------+----------+-------------------------------------------
     0 | D:1      | Malachi the Gnoll Hexslinger began the quest for the Orb.
     0 | D:1      | Reached XP level 1. HP: 17/17 MP: 4/4
   232 | D:1      | Reached XP level 2. HP: 23/23 MP: 5/5
   473 | D:1      | Reached XP level 3. HP: 28/28 MP: 7/7
   781 | D:2      | Reached skill level 1 in Invocations
  1131 | D:2      | Reached skill level 1 in Short Blades
  1131 | D:2      | Reached skill level 1 in Long Blades
  1131 | D:2      | Reached skill level 1 in Axes
  1131 | D:2      | Reached skill level 1 in Maces & Flails
  1131 | D:2      | Reached skill level 1 in Polearms
  1131 | D:2      | Reached skill level 1 in Staves
  1131 | D:2      | Reached skill level 1 in Throwing
  1131 | D:2      | Reached skill level 1 in Armour
  1131 | D:2      | Reached skill level 1 in Stealth
  1131 | D:2      | Reached skill level 1 in Shields
  1131 | D:2      | Reached skill level 1 in Unarmed Combat
  1131 | D:2      | Reached skill level 1 in Evocations
  1498 | D:2      | Reached XP level 4. HP: 31/34 MP: 8/8
  1587 | D:2      | Reached skill level 1 in Conjurations
  1587 | D:2      | Reached skill level 1 in Summonings
  1587 | D:2      | Reached skill level 1 in Necromancy
  1587 | D:2      | Reached skill level 1 in Translocations
  1587 | D:2      | Reached skill level 1 in Transmutations
  1587 | D:2      | Reached skill level 1 in Fire Magic
  1587 | D:2      | Reached skill level 1 in Ice Magic
  1587 | D:2      | Reached skill level 1 in Air Magic
  1587 | D:2      | Reached skill level 1 in Earth Magic
  1587 | D:2      | Reached skill level 1 in Poison Magic
  2165 | D:2      | Reached XP level 5. HP: 40/40 MP: 9/9
  2298 | D:2      | Learned a level 3 spell: Inner Flame
  2307 | D:2      | Found a faded altar of an unknown god.
  3383 | D:4      | Noticed Sigmund
  3386 | D:4      | Killed Sigmund
  3387 | D:4      | Reached skill level 5 in Ranged Weapons
  3387 | D:4      | Reached skill level 5 in Dodging
  3387 | D:4      | Reached skill level 2 in Summonings
  3387 | D:4      | Reached XP level 6. HP: 47/47 MP: 9/11
  3387 | D:4      | Noticed Natasha
  3397 | D:4      | Killed Natasha
  3709 | D:4      | Reached XP level 7. HP: 50/52 MP: 12/12
  4182 | D:4      | Noticed Natasha
  4190 | D:4      | Killed Natasha
  4219 | D:4      | Noticed Natasha
  4227 | D:4      | Killed Natasha
  4735 | D:4      | Identified the +3 ring mail "Xopt" {Int+3}
  4829 | D:5      | Entered Level 5 of the Dungeon
  5115 | D:5      | Found a shimmering blue altar of Sif Muna.
  5362 | D:5      | Reached skill level 3 in Summonings
  5583 | D:5      | Found an opulent altar of Gozag.
  5661 | D:5      | Reached XP level 8. HP: 14/60 MP: 14/14
  6212 | D:5      | Found a staircase to the Ecumenical Temple.
  6485 | D:5      | Found Tittahalas's Gadget Gallery.
  6944 | Temple   | Entered the Ecumenical Temple
  7023 | Temple   | Became a worshipper of Hepliaklqana the Forgotten
  7295 | D:6      | Found Piq Hoik's Vocational Training.
  7401 | D:6      | Reached skill level 4 in Summonings
  7884 | D:6      | Found Edghuyqif's General Store.
  7892 | D:6      | Bought a +0 war axe for 52 gold pieces
  7892 | D:6      | Bought a scroll of identify for 30 gold pieces
  8257 | D:6      | Reached XP level 9. HP: 61/66 MP: 16/16
  8301 | D:6      | Reached * piety under Hepliaklqana
  8335 | D:6      | Found an ornate altar of the Wu Jian Council.
  8443 | D:6      | Identified the +6 hand axe "Fienual" {speed, Fragile Str+4
                  | Int+2 Dex+4}
  8458 | D:6      | Noticed Eustachio
  8491 | D:6      | Killed Eustachio
  8492 | D:6      | Reached skill level 5 in Spellcasting
  8984 | D:7      | Reached skill level 5 in Fighting
  9221 | D:7      | Reached skill level 5 in Summonings
  9355 | D:7      | Found a blossoming altar of Fedhas.
  9726 | D:8      | Reached skill level 5 in Invocations
  9784 | D:8      | Found a sacrificial altar of Ru.
  9836 | D:8      | Identified the +8 dagger of Conflict {freeze, Drain Int+4
                  | SInv}
  9867 | D:8      | Found an ancient bone altar of Kikubaaqudgha.
  9897 | D:8      | Found a white marble altar of Elyvilon.
  9934 | D:8      | Found a radiant altar of Vehumet.
 10045 | D:8      | Found a glowing golden altar of the Shining One.
 10075 | D:8      | Found a snail-covered altar of Cheibriados.
 10160 | D:8      | Reached ** piety under Hepliaklqana
 10161 | D:8      | Remembered your ancestor Eadwine as a knight
 10442 | D:9      | Noticed a cyclops
 10457 | D:9      | Killed a cyclops
 10458 | D:9      | Reached skill level 5 in Short Blades
 10458 | D:9      | Reached skill level 5 in Long Blades
 10458 | D:9      | Reached skill level 5 in Axes
 10458 | D:9      | Reached skill level 5 in Maces & Flails
 10458 | D:9      | Reached skill level 5 in Polearms
 10458 | D:9      | Reached skill level 5 in Staves
 10458 | D:9      | Reached skill level 5 in Throwing
 10458 | D:9      | Reached skill level 5 in Armour
 10458 | D:9      | Reached skill level 5 in Stealth
 10458 | D:9      | Reached skill level 5 in Shields
 10458 | D:9      | Reached skill level 5 in Unarmed Combat
 10458 | D:9      | Reached skill level 5 in Evocations
 10458 | D:9      | Reached XP level 10. HP: 43/68 MP: 18/18
 10475 | D:9      | Identified 2 scrolls of acquirement
 10475 | D:9      | Acquired 786 gold pieces
 10603 | D:9      | Found a flagged portal.
 10612 | Bailey   | Entered a bailey
 10846 | Bailey   | Reached skill level 6 in Summonings
 10909 | Bailey   | Gained mutation: You are weak. (Str -2) [potion of
                  | mutation]
 10909 | Bailey   | Gained mutation: You are clumsy. (Dex -2) [potion of
                  | mutation]
 10909 | Bailey   | Gained mutation: You have large cloven feet. [potion of
                  | mutation]
 10923 | Bailey   | Lost mutation: You are clumsy. (Dex -2) [potion of
                  | mutation]
 10923 | Bailey   | Lost mutation: You are weak. (Str -2) [potion of mutation]
 10923 | Bailey   | Lost mutation: You have large cloven feet. [potion of
                  | mutation]
 10923 | Bailey   | Gained mutation: You expend magic power (3 MP) to
                  | strengthen your wands. [potion of mutation]
 11492 | Bailey   | Acquired the ring of Due Proportion {rElec Will+ EV+5 Str-5
                  | Int+4}
 11496 | Bailey   | Acquired the +1 pair of boots of Weightlessness {Str+3
                  | Int+2}
 11960 | Bailey   | Noticed an orc warlord
 11962 | Bailey   | Noticed an orc knight
 12380 | Bailey   | Got the Folio of Relocated Clouds
 12615 | D:9      | Noticed a tengu warrior
 13065 | D:9      | Found a shadowy altar of Dithmenos.
 13561 | D:10     | Entered Level 10 of the Dungeon
 13608 | D:10     | Found a staircase to the Lair.
 13682 | D:10     | Found an iron altar of Okawaru.
 13694 | D:10     | Reached skill level 7 in Summonings
 13706 | D:10     | Found a staircase to the Orcish Mines.
 13747 | D:10     | Reached skill level 5 in Conjurations
 13747 | D:10     | Reached skill level 5 in Necromancy
 13747 | D:10     | Reached skill level 5 in Translocations
 13747 | D:10     | Reached skill level 5 in Transmutations
 13747 | D:10     | Reached skill level 5 in Fire Magic
 13747 | D:10     | Reached skill level 5 in Ice Magic
 13747 | D:10     | Reached skill level 5 in Air Magic
 13747 | D:10     | Reached skill level 5 in Earth Magic
 13747 | D:10     | Reached skill level 5 in Poison Magic
 13820 | D:10     | Noticed a two-headed ogre
 13824 | D:10     | Killed a two-headed ogre
 13825 | D:10     | Reached XP level 11. HP: 74/74 MP: 21/21
 14014 | D:10     | Noticed a two-headed ogre
 14017 | D:10     | Killed a two-headed ogre
 14038 | D:10     | Noticed a two-headed ogre
 14041 | D:10     | Killed a two-headed ogre
 14053 | D:10     | Noticed a two-headed ogre
 14054 | D:10     | Noticed a two-headed ogre
 14060 | D:10     | Killed a two-headed ogre
 14061 | D:10     | Killed a two-headed ogre
 14258 | D:11     | Found Gyan's Book Shop.
 14267 | D:11     | Bought a book of Burglary for 240 gold pieces
 14267 | D:11     | Bought a book of Blasting for 480 gold pieces
 14271 | D:11     | Learned a level 3 spell: Portal Projectile
 14275 | D:11     | Learned a level 3 spell: Kindle Blastsparks
 14279 | D:11     | Learned a level 3 spell: Swiftness
 14292 | D:11     | Noticed a green ugly thing
 14302 | D:11     | Killed a green ugly thing
 14311 | D:11     | Reached skill level 8 in Summonings
 14383 | D:11     | Noticed a two-headed ogre
 14391 | D:11     | Killed a two-headed ogre
 14511 | D:11     | Noticed a brown ugly thing
 14511 | D:11     | Noticed a two-headed ogre
 14522 | D:11     | Killed a brown ugly thing
 14708 | D:12     | Reached XP level 12. HP: 81/81 MP: 14/23
 14853 | D:12     | Reached *** piety under Hepliaklqana
 15209 | D:12     | Noticed Rupert
 15219 | D:12     | Killed Rupert
 15346 | D:12     | Found Cinle's General Store.
 15354 | D:12     | Bought a wand of mindburst (9) for 151 gold pieces
 15369 | D:12     | Noticed a five-headed hydra
 15373 | D:12     | Killed a five-headed hydra
 15859 | D:11     | Reached skill level 9 in Summonings
 15916 | D:11     | Killed a two-headed ogre
 16326 | D:11     | Reached **** piety under Hepliaklqana
 17031 | Lair:1   | Entered Level 1 of the Lair of Beasts
 17483 | Lair:1   | Reached XP level 13. HP: 79/89 MP: 25/25
 17923 | Lair:2   | Found a staircase to the Swamp.
 18011 | Lair:2   | Reached ***** piety under Hepliaklqana
 18508 | Lair:2   | Reached skill level 10 in Summonings
 18508 | Lair:2   | Reached XP level 14. HP: 97/97 MP: 25/27
 18611 | Lair:3   | Reached skill level 10 in Ranged Weapons
 18611 | Lair:3   | Reached skill level 10 in Dodging
 19036 | Lair:3   | Found a hole to the Spider Nest.
 19648 | Lair:4   | Reached skill level 10 in Invocations
 19705 | Lair:4   | Noticed Sonja
 19710 | Lair:4   | Killed Sonja
 20059 | Lair:4   | Reached skill level 11 in Summonings
 20099 | Lair:4   | Found a staircase to the Slime Pits.
 20116 | Lair:4   | Found a viscous altar of Jiyva.
 20307 | Lair:5   | Entered Level 5 of the Lair of Beasts
 20424 | Slime:1  | Entered Level 1 of the Pits of Slime
 20486 | Lair:5   | Reached skill level 10 in Spellcasting
 20601 | Lair:5   | Reached ****** piety under Hepliaklqana
 20611 | Lair:5   | Reached skill level 10 in Fighting
 20642 | Lair:5   | Reached XP level 15. HP: 55/103 MP: 16/29
 21001 | Lair:5   | Found the amulet of the Four Winds {rN+ Will+++ Clar}
 21074 | Lair:5   | Reached skill level 10 in Hexes
 21242 | Lair:5   | Reached skill level 10 in Short Blades
 21242 | Lair:5   | Reached skill level 10 in Long Blades
 21242 | Lair:5   | Reached skill level 10 in Axes
 21242 | Lair:5   | Reached skill level 10 in Maces & Flails
 21242 | Lair:5   | Reached skill level 10 in Polearms
 21242 | Lair:5   | Reached skill level 10 in Staves
 21242 | Lair:5   | Reached skill level 10 in Throwing
 21242 | Lair:5   | Reached skill level 10 in Armour
 21242 | Lair:5   | Reached skill level 10 in Stealth
 21242 | Lair:5   | Reached skill level 10 in Shields
 21242 | Lair:5   | Reached skill level 10 in Unarmed Combat
 21242 | Lair:5   | Reached skill level 10 in Evocations
 21729 | Orc:1    | Entered Level 1 of the Orcish Mines
 21788 | Orc:1    | Found Muddinni's Armour Shop.
 21800 | Orc:1    | Noticed Harold
 21806 | Orc:1    | Killed Harold
 21916 | Orc:2    | Entered Level 2 of the Orcish Mines
 22071 | Orc:2    | Found a staircase to the Elven Halls.
 22648 | Orc:2    | Found Jyutac's Distillery.
 22655 | Orc:2    | Bought a potion of heal wounds for 75 gold pieces
 22655 | Orc:2    | Bought 2 potions of heal wounds for 150 gold pieces
 22676 | Orc:2    | Found Tipied Bifus's Distillery.
 22820 | Orc:2    | Noticed Saint Roka
 22837 | Orc:2    | Killed Saint Roka
 22838 | Orc:2    | Reached skill level 12 in Summonings
 22882 | Orc:2    | Found Komyqor's Antique Weapon Shoppe.
 22885 | Orc:2    | Found Soyvuac's Antique Armour Emporium.
 22893 | Orc:2    | Bought a crude cloak for 294 gold pieces
 22893 | Orc:2    | Identified the +0 cloak of Foolhardiness {Harm Drain rPois
                  | rF++} (You bought it in a shop on level 2 of the Orcish
                  | Mines)
 23019 | Orc:2    | Learned a level 6 spell: Statue Form
 23047 | Orc:2    | Found Vunkinof's Antique Weapon Shop.
 23799 | D:14     | Shot with an arrow by a centaur warrior

Illustrated notes

Levels and vault maps discovered:
D:1:      ldierk_walled_garden_2, layout_basic, serial_park_tiny_pond
D:2:      layout_loops_cross, ebering_ecumenical_altar_webs
D:3:      layout_basic, minmay_fractal_squares_diagonal_5
D:4:      layout_basic, bh_walls_and_bars, uniq_sigmund, uniq_natasha
D:5:      layout_rooms, lemuel_crystal_altar, grunt_gozag_breadcrumbs,
          minmay_temple_entry_stoned_glass, nicolae_shop_gadgets
D:6:      layout_basic, pdpol_wu_jian_five_deadly_venoms, serial_shops, shop,
          nicolae_shop_vocational, uniq_eustachio
D:7:      layout_basic, fedhas_altar_2
D:8:      layout_gridville, mainiacjoe_overflow_six_doors_small,
          lemuel_doored_altar, mainiacjoe_overflow_small_starburst,
          general_overflow_altar, lemuel_crystal_altar,
          mainiacjoe_overflow_chevrons
D:9:      layout_roguey, nicolae_dithmenos_through_a_glass_darkly,
          enter_bailey_4, hangedman_decor_peaks_small, st_stairs_3
D:10:     layout_roguey, kennysheep_okawaru_gauntlet, dpeg_oklobed_lair,
          david_orc_3, the_hattery
D:11:     layout_basic, serial_shops, shop
D:12:     layout_stronghold, serial_shops, nicolae_shop_advertising_works
          [nicolae_subvault_shop_adworks], uniq_rupert
D:13:     layout_basic, led_sif_book
D:14:     layout_roguey, ximxim_vaults_locker_room, biasface_ghost_orc_armoury,
          corexii_corridor_pit, trog_three_pillars_becter, uniq_jorgrun,
          uniq_lodul
Temple:   zaba_magenta_temple
Lair:1:   layout_long_grid, grunt_megastairs_1
Lair:2:   layout_regular_city, minmay_swamp_entry_eels
Lair:3:   layout_cave_pods, spider_nest_entry_webs, dreamdust_gnoll_shepherd
Lair:4:   layout_concentric_octagons, nicolae_slime_entry_field_trip,
          serial_bayou_shore_b, uniq_sonja
Lair:5:   gammafunk_lair_ancient_temple, layout_regular_city
Slime:1:  layout_caves, nicolae_slime_barrier, nicolae_slime_getting_an_eyeful
Orc:1:    layout_diamond_mine, serial_shops,
          nicolae_shop_temple_entry_statues_fountains, uniq_erolcha,
          uniq_harold, uniq_nergalle, uniq_snorg
Orc:2:    grunt_orc_community_town_hall, layout_caves,
          grunt_orc_community_big_house_1, grunt_orc_community_big_house_1,
          grunt_orc_community_house_1, grunt_orc_community_house_1,
          grunt_orc_community_house_3, grunt_orc_community_house_1,
          grunt_orc_community_house_3, serial_shops, nicolae_shop_crystal

Skill      XL: |  1  2  3  4  5  6  7  8  9 10 11 12 13 14 15 |
---------------+----------------------------------------------+-----
Invocations    | 1 2 3 4 5 6 7 8 9 10 11 | 11.2
Short Blades   | 1 2 3 5 6 7 8 9 10 | 10.3
Long Blades    | 1 2 3 5 6 7 8 9 10 | 10.3
Axes           | 1 2 3 5 6 7 8 9 10 | 10.3
Maces & Flails | 1 2 3 5 6 7 8 9 10 | 10.3
Polearms       | 1 2 3 5 6 7 8 9 10 | 10.3
Staves         | 1 2 3 5 6 7 8 9 10 | 10.3
Throwing       | 1 2 3 5 6 7 8 9 10 | 10.3
Armour         | 1 2 3 5 6 7 8 9 10 | 10.3
Stealth        | 1 2 3 5 6 7 8 9 10 | 10.3
Shields        | 1 2 3 5 6 7 8 9 10 | 10.3
Unarmed Combat | 1 2 3 5 6 7 8 9 10 | 10.3
Evocations     | 1 2 3 5 6 7 8 9 10 | 10.3
Spellcasting   | 3 4 5 6 7 8 9 10 | 10.7
Conjurations   | 1 2 3 4 5 6 7 8 |  8.6
Summonings     | 1 2 3 4 5 7 8 9 10 11 12 | 12.0
Necromancy     | 1 2 3 4 5 6 7 8 |  8.6
Translocations | 1 2 3 4 5 6 7 8 |  8.6
Transmutations | 1 2 3 4 5 6 7 8 |  8.6
Fire Magic     | 1 2 3 4 5 6 7 8 |  8.6
Ice Magic      | 1 2 3 4 5 6 7 8 |  8.6
Air Magic      | 1 2 3 4 5 6 7 8 |  8.6
Earth Magic    | 1 2 3 4 5 6 7 8 |  8.6
Poison Magic   | 1 2 3 4 5 6 7 8 |  8.6
Fighting       | 3 4 5 6 7 8 9 10 | 10.6
Ranged Weapons | 5 6 7 8 9 10 11 | 11.2
Dodging        | 5 6 7 8 9 10 11 | 11.2
Hexes          | 6 7 8 9 10 | 10.2

Action                     |  1- 3 |  4- 6 |  7- 9 | 10-12 | 13-15 || total
---------------------------+-------+-------+-------+-------+-------++-------
  Melee: Mace              |     6 |    36 |   143 |       |       ||   185
         Bite              |     1 |     1 |    41 |    30 |       ||    73
         Punch             |       |       |     4 |       |       ||     4
         Spear             |       |       |   167 |       |       ||   167
         Halberd           |       |       |    23 |       |       ||    23
         Hand axe          |       |       |    57 |   214 |       ||   271
   Fire: Sling             |   123 |   166 |    80 |       |       ||   369
         Arbalest          |       |       |       |   248 |   607 ||   855
   Cast: Slow              |     6 |    10 |     1 |     1 |       ||    18
         Inner Flame       |       |       |       |     6 |     1 ||     7
         Portal Projectile |       |       |       |    10 |     6 ||    16
         Statue Form       |       |       |       |       |     2 ||     2
         Kindle Blastspark |       |       |       |       |     1 ||     1
 Invoke: Ancestor Life: Kn |       |       |     1 |       |       ||     1
         Recall Ancestor   |       |       |       |     1 |       ||     1
         Idealise          |       |       |       |       |     1 ||     1
  Evoke: Wand              |       |     1 |     6 |    14 |     9 ||    30
    Use: Scroll            |       |     3 |     3 |    25 |     9 ||    40
         Potion            |       |       |     3 |     7 |    10 ||    20
   Stab: Sleeping          |       |       |     2 |     1 |       ||     3
         Distracted        |       |       |     2 |     1 |       ||     3
 Armour: Robe              |     7 |    21 |       |       |       ||    28
         Leather armour    |       |    15 |    13 |       |       ||    28
         Ring mail         |       |       |   210 |    29 |       ||   239
         Troll leather arm |       |       |       |     9 |    57 ||    66
         Skin              |       |       |       |       |    11 ||    11
  Dodge: Dodged            |    41 |   101 |   333 |   168 |   493 ||  1136
  Block: Kite shield       |       |       |    22 |   110 |       ||   132

Table legend: (Time is in decaauts)
 A = Elapsed time spent in this place.
 B = Non-inter-level travel time spent in this place.
 C = Inter-level travel time spent in this place.
 D = Time resting spent in this place.
 E = Time spent auto-exploring this place.
 F = Levels seen in this place.
 G = Mean time per level.
                   A        B        C        D        E       F      G
               +--------+--------+--------+--------+--------+-----+--------+
         Total |  24446 |  23016 |   1430 |   5899 |  11892 |  24 | 1018.6 |
       Dungeon |  16055 |  15016 |   1039 |   4176 |   7796 |  14 | 1146.8 |
        Temple |     96 |     80 |     16 |      0 |     50 |   1 |   96.0 |
          Lair |   4886 |   4602 |    284 |    214 |   3237 |   5 |  977.2 |
    Slime Pits |      1 |      1 |      0 |      0 |      0 |   1 |    1.0 |
  Orcish Mines |   1489 |   1399 |     90 |    280 |    750 |   2 |  744.5 |
        Bailey |   1916 |   1916 |      0 |   1229 |     58 |   1 | 1916.0 |
               +--------+--------+--------+--------+--------+-----+--------+

Top non-repeatable levels by time:
     D:4: 2319 daAuts
  Bailey: 1916 daAuts
     D:6: 1860 daAuts
     D:2: 1832 daAuts
     D:5: 1566 daAuts
    D:12: 1350 daAuts
  Lair:5: 1314 daAuts
   Orc:2: 1276 daAuts
     D:9: 1152 daAuts
  Lair:3: 1048 daAuts
    D:11: 1021 daAuts
  Lair:4: 949 daAuts
  Lair:1: 833 daAuts
    D:10: 831 daAuts
     D:3: 812 daAuts
